 Dungeon Crawl Stone Soup version 0.19.1 (webtiles) character file.

128 tself55 the Slasher (level 4, -4/39 HPs)
             Began as a Minotaur Berserker on Dec 23, 2016.
             Was a Believer of Trog.
             Slain by Sigmund
             ... wielding a +0 scythe
              (5 damage)
             ... on level 3 of the Dungeon.
             The game lasted 00:02:27 (2071 turns).

tself55 the Slasher (Minotaur Berserker)            Turns: 2071, Time: 00:02:27

Health: -4/39      AC:  9    Str: 21 (22) XL:     4   Next: 86%
Magic:  3/3        EV:  8    Int:  4      God:    Trog [**....]
Gold:   123        SH:  0    Dex:  9 (10) Spells: 0 memorised, 3 levels left

rFire  . . .     SeeInvis .     a - +0 falchion
rCold  . . .     Gourm    .     r - +0 chain mail
rNeg   . . .     Faith    +     (no shield)
rPois  .         Spirit   .     n - +1 hat
rElec  .         Reflect  .     (no cloak)
rCorr  .         Harm     .     (no gloves)
MR     .....                    (no boots)
Stlth  ..........               m - amulet of faith
                                (no ring)
                                (no ring)

@: confused
A: retaliatory headbutt, horns 2
a: Berserk, Trog's Hand, Burn Spellbooks, Renounce Religion


You were on level 3 of the Dungeon.
You worshipped Trog.
Trog was pleased with you.
You were hungry.

You visited 1 branch of the dungeon, and saw 3 of its levels.

You collected 123 gold pieces.

Inventory:

Hand Weapons
 a - a +0 falchion (weapon)
Armour
 b - a +0 animal skin
 n - a +1 hat (worn)
 r - a +0 chain mail (worn)
Jewellery
 m - an amulet of faith (around neck)
Scrolls
 g - a scroll of identify {unknown}
 i - a scroll of fear {unknown}
 k - a scroll of enchant armour {unknown}
 l - a scroll of teleportation {unknown}
 q - a scroll of blinking {unknown}
Potions
 d - a potion of resistance {unknown}
 e - 3 potions of degeneration
 f - a potion of berserk rage {unknown}
 j - a potion of flight {unknown}
 p - 2 potions of invisibility {unknown}
 t - a potion of heal wounds {unknown}
 u - a potion of might {unknown}
Comestibles
 c - 4 bread rations
 h - 2 fruits
 o - a beef jerky
 s - 2 meat rations


   Skills:
 - Level 3.6 Fighting
 + Level 6.8 Long Blades
 - Level 2.4 Armour
 - Level 2.1 Dodging


You had 3 spell levels left.
You didn't know any spells.

Dungeon Overview and Level Annotations

Branches:
Dungeon (3/15)

Altars:

Annotations:
D:3 Sigmund


Innate Abilities, Weirdness & Mutations

You reflexively headbutt those who attack you in melee.
You have a pair of horns on your head.


Message History

You hit something but do no damage. Your headbutt misses something.
Something hits you but does no damage.
You hit something. You closely miss something.
You hear some strange, mumbled words.
A magic dart appears from out of thin air!
The magic dart hits you!
You miss something.
You hear some strange, mumbled words.
You are confused.
You hear some strange, mumbled words.
A puff of flame appears from out of thin air!
The puff of flame hits you!
* * * LOW HITPOINT WARNING * * *
You hear some strange, mumbled words.
A puff of flame appears from out of thin air!
The puff of flame hits you!
* * * LOW HITPOINT WARNING * * *
Something hits you.
You die...

.....###.#......#
.......#.#).....
.<.....#.#......
..######.########
##.# #........# ##.#
########.# ...# #.#
##.# #######.#####
...######....>..@(..#
.................##.#
..#######......#{#
..# #......#..# ..#
............. ..#
...#######.### ..#
... .. ### .. #.# ##
.#


There were no monsters in sight!

Vanquished Creatures
  The ghost of chakram the Charmwright, a weakling HuSk (D:3)
  3 adders
  An ooze (D:1)
  3 worms
  2 dart slugs (D:2)
  An orc (D:3)
  7 bats
  3 giant cockroaches
  8 goblins
  6 hobgoblins
  A frilled lizard (D:2)
  4 kobolds
  4 rats
44 creatures vanquished.

Notes
Turn   | Place    | Note
-------+----------+-------------------------------------------
     0 | D:1      | tself55 the Minotaur Berserker began the quest for the Orb.
     0 | D:1      | Reached XP level 1. HP: 19/19 MP: 0/0
    70 | D:1      | Reached skill level 4 in Long Blades
    99 | D:1      | Reached XP level 2. HP: 23/26 MP: 1/1
   665 | D:2      | Reached skill level 5 in Long Blades
   705 | D:2      | Reached ** piety under Trog
   725 | D:2      | Reached XP level 3. HP: 30/31 MP: 2/2
  1729 | D:2      | Reached XP level 4. HP: 32/39 MP: 3/3
  1890 | D:3      | Reached skill level 6 in Long Blades
  1981 | D:3      | Noticed chakram's ghost (weakling HuSk)
  2000 | D:3      | Killed chakram's ghost
  2045 | D:3      | Noticed Sigmund
  2070 | D:3      | HP: 1/39 [something/puff of flame (9)]
  2071 | D:3      | Slain by Sigmund

Skill      XL: |  1  2  3  4 |
---------------+-------------+-----
Long Blades    | 4 5 6 |  6.8
Fighting       | |  3.6
Armour         | |  2.4
Dodging        | |  2.1

Action                   |  1- 3 |  4- 6 || total
-------------------------+-------+-------++-------
Melee: Falchion          |    90 |    47 ||   137
       Headbutt          |    18 |     4 ||    22
Invok: Trog's Hand       |     1 |       ||     1
       Berserk           |       |     1 ||     1
  Use: Potion            |     1 |       ||     1
  Eat: Chunk             |     3 |     1 ||     4
Armor: Animal skin       |    16 |       ||    16
       Chain mail        |     8 |    18 ||    26
Dodge: Dodged            |    39 |    12 ||    51
       Rpst.: Falchion   |     8 |     6 ||    14
